 Dungeon Crawl Stone Soup version 0.29-a0-1016-g236c7fd91e (webtiles) character file.

Game seed: 3081286735063728476

73 Mesmaeker13 the Insei (level 4, -2/28 HPs)
             Began as an Octopode Transmuter on Aug 9, 2022.
             Shot with a sling bullet by a hobgoblin (3 damage)
             ... led by Robin
             ... on level 3 of the Dungeon.
             The game lasted 00:02:09 (3096 turns).

Mesmaeker13 the Insei (Octopode Transmuter)         Turns: 3096, Time: 00:02:09

Health: -2/28      AC:  1    Str:  9    XL:     4   Next: 27%
Magic:  6/8        EV: 13    Int: 17    God:
Gold:   58         SH:  0    Dex: 12    Spells: 2/8 levels left

rFire   . . .      SeeInvis .     - Unarmed
rCold   . . .      Faith    .   (no shield)
rNeg    . . .      Spirit   .   (helmet currently unavailable)
rPois   .          Reflect  .   (no amulet)
rElec   .          Harm     .   (no ring)
rCorr   .          Rampage  .   (no ring)
Will    .....                   (no ring)
Stlth   ++........              (no ring)
HPRegen 0.09/turn               (no ring)
MPRegen 0.11/turn               (no ring)
                                (no ring)
                                (no ring)

@: appendages (expiring), wereblooded
A: tentacle spike 3, almost no armour, amphibious, 8 rings, camouflage 1,
gelatinous body 1, (nimble swimmer 1), tentacles
a: End Transformation


You were on level 3 of the Dungeon.
One of your tentacles had grown a beastly spike.
You visited 1 branch of the dungeon, and saw 3 of its levels.

You collected 58 gold pieces.

Inventory:

Scrolls
 d - 3 scrolls of identify {unknown}
 e - 4 scrolls of teleportation {unknown}
 f - 2 scrolls of enchant armour {unknown}
 g - a scroll of acquirement {unknown}
 h - 2 scrolls of blinking {unknown}
 k - a scroll of torment {unknown}
Potions
 a - a potion of lignification
 b - a potion of haste {unknown}
 c - 2 potions of brilliance {unknown}
 i - a potion of degeneration {unknown}
 j - a potion of attraction {unknown}


   Skills:
 - Level 1.0 Fighting
 - Level 2.0 Dodging
 + Level 3.7 Unarmed Combat
 + Level 2.8 Spellcasting
 + Level 2.9 Transmutations
 + Level 0.9 Poison Magic


You had 2 spell levels left.
You knew the following spells:

 Your Spells              Type           Power      Damage    Failure   Level
a - Beastly Appendage     Tmut           24%        N/A       5%          1
b - Wereblood             Tmut           12%        N/A       9%          2
c - Spider Form           Tmut/Pois      8%         N/A       24%         3

Your spell library contained the following spells:

 Spells                   Type           Power      Damage    Failure   Level
 Ice Form                 Ice/Tmut       7%         N/A       69%         4


Dungeon Overview and Level Annotations

Branches:
Dungeon (3/15)

Altars:
Gozag

Annotations:
D:3 Robin


Innate Abilities, Weirdness & Mutations

One of your tentacles has grown a beastly spike.
You cannot wear most types of armour.
You are amphibious.
You can wear up to eight rings at the same time.
Your skin changes colour to match your surroundings (Stealth+).
Your rubbery body absorbs attacks. (AC +1, EV +1)
((You are camouflaged when in or above water. (Stealth+)))
You have tentacles for arms and can constrict up to eight enemies at once.


Message History

Confirm with . or Enter, or press ? or * to list all spells.
One of your tentacles grows a vicious spike.
You hear a shout!
The hobgoblin shoots a sling bullet.
The sling bullet closely misses you.
A goblin comes into view. It is wielding a +0 club.
The hobgoblin shoots a sling bullet.
The sling bullet hits you. The sling bullet burns you.
Casting: Beastly Appendage (safe; 5% risk of failure)
Confirm with . or Enter, or press ? or * to list all spells.
Your blood is infused with primal strength.
The hobgoblin shoots a sling bullet.
The sling bullet hits you! The sling bullet burns you.
A goblin comes into view. It is wielding a +0 dagger.
Robin of the Strong Arm comes into view.
They are wielding a +0 spear.
The hobgoblin unwields a +2 sling of flaming.
It stops flaming.
The hobgoblin barely misses you.
You barely miss the hobgoblin. You grab the hobgoblin.
You pierce the hobgoblin, but do no damage.
You constrict the hobgoblin.
The hobgoblin struggles to escape constriction.
You tentacle-slap the hobgoblin but do no damage.
You squeeze the hobgoblin, but do no damage.
The hobgoblin is moderately wounded.
You constrict the hobgoblin.
The hobgoblin struggles to escape constriction.
You release your grip on the hobgoblin.
The hobgoblin attacks as you move away! The hobgoblin closely misses you.
Your transformation is almost over.
The hobgoblin wields a +2 sling of flaming.
It bursts into flame!
The hobgoblin shoots a sling bullet.
The sling bullet hits you. The sling bullet burns you.
* * * LOW HITPOINT WARNING * * *
You hear a shout!
The hobgoblin shoots a sling bullet.
The sling bullet barely misses you.
The hobgoblin shoots a sling bullet.
The sling bullet closely misses you.
The hobgoblin shoots a sling bullet.
The sling bullet closely misses you.
The hobgoblin shoots a sling bullet.
The sling bullet hits you!
* * * LOW HITPOINT WARNING * * *
The sling bullet burns you.
You die...

####### #.#.#.#
###########.#.#.#########
###
..............#.@.......#
..
#############.#.#######g#
.# . ..................#
#.# #.. #
##......#####.#.#.#
#.g.g.#.⌠.# ##......'.
#.#.#.# #####.#...#
##......## #.#.#.# ~###≈
##......# ..#.#.# .~≈≈≈
##......# ..#.#.# ..~≈≈≈
##......# #>...... .~###≈


You could see a hobgoblin.

Vanquished Creatures
  An adder (D:3)
  A worm (D:3)
  A dart slug (D:2)
  An orc (D:3)
  7 ball pythons
  4 bats
  3 endoplasms
  6 giant cockroaches
  5 goblins
  4 hobgoblins
  2 jackals (D:1)
  9 kobolds
  3 quokkas
  2 frilled lizards
  2 rats
51 creatures vanquished.

Notes
Turn   | Place    | Note
-------+----------+-------------------------------------------
     0 | D:1      | Mesmaeker13 the Octopode Transmuter began the quest for the
                  | Orb.
     0 | D:1      | Reached XP level 1. HP: 13/13 MP: 3/3
   165 | D:1      | Reached XP level 2. HP: 14/18 MP: 3/5
   468 | D:1      | Found a faded altar of an unknown god.
   842 | D:1      | Reached XP level 3. HP: 23/23 MP: 6/6
   983 | D:1      | Learned a level 2 spell: Wereblood
  2027 | D:3      | Learned a level 3 spell: Spider Form
  2045 | D:3      | Reached XP level 4. HP: 13/28 MP: 2/8
  2400 | D:3      | Found an opulent altar of Gozag.
  3086 | D:3      | Noticed Robin
  3096 | D:3      | HP: 1/28 [hobgoblin/sling bullet[Robin] (7)]
  3096 | D:3      | Shot with a sling bullet by a hobgoblin

Illustrated notes

Levels and vault maps discovered:
D:1:      dpeg_arrival_arbitrary_b, layout_loops_ring,
          dreamdust_ecumenical_altar_statues, minmay_box_of_dots
D:2:      layout_loops_ring
D:3:      layout_basic, lemuel_tele_altar, fountainhead,
          nicolae_concentric_dashed_squares_mild,
          minmay_fractal_squares_gapless_5, uniq_robin

Action                   |  1- 3 |  4- 6 || total
-------------------------+-------+-------++-------
Melee: Unarmed           |    78 |    26 ||   104
       Constrict         |    25 |     7 ||    32
       Kick              |    34 |     6 ||    40
       Tentacles         |    14 |     7 ||    21
       Punch             |     2 |     1 ||     3
 Cast: Beastly Appendage |    27 |     9 ||    36
       Wereblood         |     5 |     2 ||     7
  Use: Potion            |     1 |       ||     1
 Stab: Sleeping          |     2 |     4 ||     6
Armor: Skin              |    10 |     3 ||    13
Dodge: Dodged            |    56 |    23 ||    79

Table legend: (Time is in decaauts)
 A = Elapsed time spent in this place.
 B = Non-inter-level travel time spent in this place.
 C = Inter-level travel time spent in this place.
 D = Time resting spent in this place.
 E = Time spent auto-exploring this place.
 F = Levels seen in this place.
 G = Mean time per level.
                   A        B        C        D        E       F      G
               +--------+--------+--------+--------+--------+-----+--------+
         Total |   3089 |   3038 |     51 |    140 |   2514 |   3 | 1029.7 |
       Dungeon |   3089 |   3038 |     51 |    140 |   2514 |   3 | 1029.7 |
               +--------+--------+--------+--------+--------+-----+--------+

Top non-repeatable levels by time:
     D:3: 1106 daAuts
     D:1: 1043 daAuts
     D:2: 939 daAuts
